 Dungeon Crawl Stone Soup version 0.14-a0-2162-g062a2ce (webtiles) character file.

495 M4edhros the Vandal (level 6, -4/38 HPs)
             Began as an Octopode Hunter on Jan 28, 2014.
             Was an Initiate of Okawaru.
             Slain by a gnoll
             ... wielding a +0,+0 flail
              (14 damage)
             ... on Level 4 of the Dungeon.
             The game lasted 00:05:21 (3240 turns).

M4edhros the Vandal (Octopode Hunter)               Turns: 3240, Time: 00:05:21

HP  -4/38        AC  1     Str 11      XL: 6   Next: 35%
MP   6/6         EV  9     Int 13      God: Okawaru [......]
Gold 199         SH 14     Dex 15      Spells:  0 memorised,  5 levels left

rFire  . . .     SeeInvis .     i - +3,+2 sling (flame)
rCold  . . .     Clarity  .     n - +0 shield
rNeg   . . .     Conserve .     (helmet restricted)
rPois  .         rCorr    .     (no amulet)
rElec  .         rRot     .     (no ring)
SustAb . .       Spirit   .     (no ring)
rMut   .         Warding  .     (no ring)
Saprov . . .     Stasis   .     (no ring)
MR     .....                    (no ring)
                                (no ring)
                                (no ring)
                                (no ring)

@: about to teleport, not resistant to hostile enchantments, stealthy
A: almost no armour, amphibious, 8 rings, constrict 8, spike 1, camouflage 1,
deformed body, deterioration 1, gelatinous body 1
a: Renounce Religion


You were on level 4 of the Dungeon.
You worshipped Okawaru.
Okawaru was noncommittal.
You were not hungry.

You visited 1 branch of the dungeon, and saw 4 of its levels.

You collected 199 gold pieces.

Inventory:

Hand weapons
 e - a +2,+2 dwarven dagger of draining
 i - a +3,+2 sling of flame (weapon)
 j - a +1,+0 dagger of venom
Missiles
 b - 60 stones (quivered)
 c - 16 sling bullets
Armour
 n - a +0 shield (worn)
Comestibles
 d - a choko
 f - 6 bread rations
Scrolls
 g - a scroll of identify
 k - a scroll of teleportation
 o - a scroll of recharging
 q - a scroll of enchant armour
Potions
 a - a potion of agility {unknown}
 h - 4 potions of curing


   Skills:
 - Level 1.0 Fighting
 + Level 7.4 Slings
 - Level 2.0 Dodging
 - Level 1.3 Stealth


You had 5 spell levels left.
You didn't know any spells.

Dungeon Overview and Level Annotations

Branches:
Dungeon (4/16)
 Temple: D:4-7

Altars:
Elyvilon
Fedhas
Kikubaaqudgha
Okawaru
The Shining One


Innate Abilities, Weirdness & Mutations

You cannot wear most types of armour.
You are amphibious.
You can wear up to eight rings at the same time.
You can use your tentacles to constrict many enemies at once.
Your skin changes colour to match your surroundings (Stlth).
Your rubbery body absorbs attacks (AC +1).
One of your tentacles bears a spike.
Your body is misshapen.
Your body is slowly deteriorating.


Message History

You are too injured to fight recklessly!
Drink which item? (? for menu, Esc to quit)
Okay, then.
Read which item? (? for menu, Esc to quit)
Okay, then.
Drink which item? (? for menu, Esc to quit)
Okay, then.
You aren't carrying any items that can be evoked.
Drink which item? (? for menu, Esc to quit)
Okay, then.
You don't know any spells.
Read which item? (? for menu, Esc to quit)
Okay, then.
Drink which item? (? for menu, Esc to quit)
Okay, then.
Read which item? (? for menu, Esc to quit)
As you read the scroll of teleportation, it crumbles to dust.
You feel strangely unstable. The gnoll hits you but does no damage.
The gnoll hits you with a flail!
You die...

..
######################(..
...................((((((
.................g((......
................@.g.......
....(.............g.......
.........................
#########################


You could see a gnoll shaman and 2 gnolls.

Vanquished Creatures
  The ghost of M4edhros the Vandal, a weakling OpHu (D:3)
  2 vampire bats (D:3)
  A hound (D:4)
  An orc wizard (D:3)
  Ijyb (D:2)
  A gnoll (D:4)
  2 adders (D:2)
  A giant mite (D:2)
  An inept item mimic (D:2)
  A worm (D:3)
  2 giant geckos
  An ooze (D:1)
  A ball python (D:1)
  4 bat skeletons (D:3)
  4 bat zombies (D:3)
  7 goblins
  2 quokkas
  13 bats
  3 giant cockroaches
  A giant newt (D:1)
  A hobgoblin (D:1)
  A hobgoblin skeleton (D:4)
  5 jackals (D:3)
  9 kobolds
  8 orcs (D:3)
  6 rats
80 creatures vanquished.

Notes
Turn   | Place    | Note
--------------------------------------------------------------
     0 | D:1      | M4edhros, the Octopode Hunter, began the quest for the Orb.
     0 | D:1      | Reached XP level 1. HP: 13/13 MP: 1/1
   116 | D:1      | Reached XP level 2. HP: 15/18 MP: 2/2
   609 | D:2      | Found an iron altar of Okawaru.
   762 | D:2      | Became a worshipper of Warmaster Okawaru
   837 | D:2      | Reached skill level 5 in Slings
   837 | D:2      | Reached XP level 3. HP: 23/23 MP: 3/3
  1446 | D:2      | Noticed Ijyb
  1459 | D:2      | Killed Ijyb
  1459 | D:2      | Reached XP level 4. HP: 20/28 MP: 4/4
  2142 | D:3      | Found a white marble altar of Elyvilon.
  2143 | D:3      | Noticed M4edhros' ghost (weakling OpHu)
  2204 | D:3      | Killed M4edhros' ghost
  2204 | D:3      | Reached skill level 6 in Slings
  2204 | D:3      | Reached XP level 5. HP: 27/33 MP: 5/5
  2210 | D:3      | Paralysed by a potion of paralysis for 7 turns
  2218 | D:3      | Gained mutation: One of your tentacles bears a spike. [potion of mutation]
  2218 | D:3      | Gained mutation: Your body is slowly deteriorating. [potion of mutation]
  2218 | D:3      | Gained mutation: Your body is misshapen. [potion of mutation]
  2446 | D:3      | Found a glowing golden altar of the Shining One.
  2582 | D:3      | Found an ancient bone altar of Kikubaaqudgha.
  2596 | D:3      | Reached skill level 7 in Slings
  2596 | D:3      | Reached XP level 6. HP: 13/38 MP: 6/6
  2875 | D:3      | Found a blossoming altar of Fedhas.
  3240 | D:4      | Slain by a gnoll

Action                   |  1- 3 |  4- 6 || total
-------------------------+-------+-------++-------
Melee: Short sword       |    16 |       ||    16
       Dagger            |    28 |   116 ||   144
 Fire: Sling             |    18 |    11 ||    29
  Use: Potion            |     2 |     4 ||     6
       Scroll            |     5 |     7 ||    12
 Stab: Sleeping          |     3 |     8 ||    11
       Distracted        |       |     1 ||     1
